 Dungeon Crawl Stone Soup version 0.31-a0-150-g89dc3ad700 (webtiles) character file.

Game seed: 11305628896006150233

196 Drazool the Slasher (level 5, 0/39 HPs)
             Began as a Vampire Monk on June 9, 2023.
             Slain by a moth of wrath (12 damage)
             ... on level 4 of the Dungeon.
             The game lasted 00:07:59 (3143 turns).

Drazool the Slasher (Vampire Monk)                  Turns: 3143, Time: 00:07:59

Health: 0/39       AC:  5    Str: 13    XL:     5   Next: 46%
Magic:  5/5        EV: 13    Int:  9    God:
Gold:   211        SH:  0    Dex: 18    Spells: 4/4 levels left

rFire   . . .        v - +0 long sword
rCold   . . .        d - orb {light}
rNeg    . . .        s - +0 leather armour
rPois   +            f - +1 hat
rElec   .            t - scarf {+Inv}
rCorr   .            h - +0 pair of gloves
SInv    +            (no boots)
Will    ++...        (no amulet)
Stlth   +            x - ring of Omazxel {Drain rPois Will++ Str+3 Int-4 Stlth+}
HPRegen 0.46/turn    (no ring)
MPRegen 0.09/turn

%: no passive effects
@: healing quickly, glowing
A: alive, fangs 3, see invisible, vampiric 2
a: Exsanguinate, Evoke Invisibility


You were on level 4 of the Dungeon.
You visited 1 branch of the dungeon, and saw 4 of its levels.

You collected 211 gold pieces.


Innate Abilities, Weirdness & Mutations

Your natural rate of healing is accelerated.
You have razor-sharp teeth.
You have supernaturally acute eyesight. (SInv)
You are afflicted with vampirism and can become a bat while bloodless.


   Skills:
 - Level 2.6 Fighting
 + Level 6.2 Long Blades
 - Level 3.2 Dodging


You had 4 spell levels left.
You didn't know any spells.
Your spell library contained the following spells:

 Spells                   Type           Power      Damage    Failure   Level
 Sting                    Tmut/Pois      0%         1d3       45%         1
 Poisonous Vapours        Pois/Air       0%         N/A       61%         2
 Ozocubu's Armour         Ice            0%         N/A       83%         3
 Olgreb's Toxic Radiance  Pois           0%         N/A       99%         4
 Ozocubu's Refrigeration  Ice            0%         4d7       100%        7

Inventory:

Hand Weapons
 a - a +0 falchion
 v - a +0 long sword (weapon)
Armour
 b - a +0 robe
 d - an orb of light (worn)
 f - a +1 hat (worn)
 h - a +0 pair of gloves (worn)
 s - a +0 leather armour (worn)
 t - a scarf of invisibility (worn)
Jewellery
 x - the ring of Omazxel (left hand) {Drain rPois Will++ Str+3 Int-4 Stlth+}
   (You found it on level 3 of the Dungeon)

   [ring of poison resistance]

   Str:       It affects your strength (+3).
   Int:       It affects your intelligence (-4).
   rPois:     It protects you from poison.
   Drain:     It drains your maximum health when unequipped.
   Will:      It greatly increases your willpower.
   Stlth:     It makes you more stealthy.
Wands
 w - a wand of polymorph (4)
Scrolls
 e - a scroll of fear
 k - a scroll of noise
 o - 2 scrolls of magic mapping
 q - a scroll of enchant weapon
Potions
 c - 2 potions of ambrosia
 g - 2 potions of curing {unknown}
 i - 2 potions of brilliance {unknown}
 j - a potion of might {unknown}
 l - a potion of berserk rage {unknown}
 m - a potion of attraction {unknown}
 n - a potion of magic {unknown}
 p - a potion of heal wounds {unknown}
 r - 3 potions of haste {unknown}

Dungeon Overview and Level Annotations

Branches:
Dungeon (4/15)
 Temple: D:4-7

Altars:
Dithmenos
Uskayaw
Xom

#...........# #.####.#.##.# #.#
#.#.##.# ### #.####.#.##.#
##.###### #.##.....##.#
##...#...# #[##.#.#.##.#
#........######## #........##.#
##...#...<...[..#
#####.#......#####.........###.#
#..............y@..........# #.#
#.###.##..########.........#
#.## #D# #▒8▒.▒8▒ ##'##...####
#... #)# ▒▒+▒▒▒ ##...#...# ###.
..# ##........# ### #. ..#
##.......### ##.###. ..#
▒##.........####...##. ?..
▒.'........<'.......#. .##
▒##.........###..(....


You could see a moth of wrath.


Message History

The death drake easily resists.
Aiming: Polymorph
Press: ? - help, Shift-Dir - straight line, f/p - death drake
Aim: a death drake (will become a floating eye, a moth of wrath, or a manticore, chance to affect: 31%)
The death drake easily resists.
Aiming: Polymorph
Press: ? - help, Shift-Dir - straight line, f/p - death drake
Aim: a death drake (will become a floating eye, a moth of wrath, or a manticore, chance to affect: 31%)
The death drake evaporates and reforms as a moth of wrath!
You hit the moth of wrath.
The moth of wrath is lightly wounded.
The moth of wrath misses you.
You hit the moth of wrath but do no damage.
The moth of wrath is lightly wounded.
The moth of wrath bites you but does no damage.
The moth of wrath closely misses you.
You hit the moth of wrath.
The moth of wrath is lightly wounded.
The moth of wrath bites you!
You hit the moth of wrath.
The moth of wrath is lightly wounded.
The moth of wrath bites you!
You hit the moth of wrath.
The moth of wrath is lightly wounded.
The moth of wrath barely misses you. The moth of wrath bites you!
* * * LOW HITPOINT WARNING * * *
You slash the moth of wrath!
The moth of wrath is moderately wounded.
The moth of wrath bites you!
You die...

Skill      XL: |  1  2  3  4  5 |
---------------+----------------+-----
Long Blades    | 4 5 6 |  6.2
Fighting       | |  2.6
Dodging        | |  3.2

Action                     |  1- 3 |  4- 6 || total
---------------------------+-------+-------++-------
  Melee: Falchion          |    92 |    56 ||   148
         Bite              |    10 |     9 ||    19
         Long sword        |       |    53 ||    53
  Evoke: Wand              |       |     7 ||     7
    Use: Scroll            |       |    10 ||    10
   Stab: Sleeping          |       |     1 ||     1
 Armour: Robe              |    31 |       ||    31
         Leather armour    |       |    15 ||    15
  Dodge: Dodged            |    69 |    62 ||   131

Levels and vault maps discovered:
D:1:      moated_graveyard_arrival, layout_basic
D:2:      minmay_diamond_boxcup, layout_basic, basic_altar
D:3:      layout_basic, overflow_temple_1_default,
          mainiacjoe_overflow_concentric_impassable, uniq_terence
D:4:      layout_loops_corners, mainiacjoe_overflow_catwalk,
          lemuel_mausoleum_altar_kikubaaqudgha

Notes
Turn   | Place    | Note
-------+----------+-------------------------------------------
     0 | D:1      | Drazool the Vampire Monk began the quest for the Orb.
     0 | D:1      | Reached XP level 1. HP: 17/17 MP: 1/1
   101 | D:1      | Reached XP level 2. HP: 23/23 MP: 2/2
   442 | D:1      | Reached skill level 4 in Long Blades
   613 | D:1      | Gained mutation: You are afflicted with vampirism and can
                  | become a bat while bloodless. [Vampire growth]
   613 | D:1      | Reached XP level 3. HP: 26/28 MP: 3/3
   941 | D:2      | Found a hide-covered altar of Uskayaw.
  1173 | D:2      | Reached skill level 5 in Long Blades
  1173 | D:2      | Reached XP level 4. HP: 34/34 MP: 4/4
  1746 | D:3      | Found a shimmering altar of Xom.
  1770 | D:3      | Found a hide-covered altar of Uskayaw.
  1840 | D:3      | Noticed Terence
  1861 | D:3      | Killed Terence
  1865 | D:3      | Reached XP level 5. HP: 25/39 MP: 5/5
  2109 | D:3      | Identified the ring of Omazxel {Drain rPois Will++ Str+3
                  | Int-4 Stlth+}
  2754 | D:4      | Reached skill level 6 in Long Blades
  3030 | D:4      | Found a shadowy altar of Dithmenos.
  3031 | D:4      | Noticed an ogre
  3037 | D:4      | an ogre changed into a cane toad
  3037 | D:4      | Noticed a cane toad
  3039 | D:4      | a cane toad changed into a swamp dragon
  3039 | D:4      | Noticed a swamp dragon
  3042 | D:4      | HP: 1/39 [swamp dragon (3)]
  3133 | D:4      | a swamp dragon changed into a death drake
  3133 | D:4      | Noticed a death drake
  3136 | D:4      | a death drake changed into a moth of wrath
  3136 | D:4      | Noticed a moth of wrath
  3143 | D:4      | Slain by a moth of wrath

Vanquished Creatures
  An orc priest (D:4)
  Terence (D:3)
  5 adders
  A worm (D:2)
  A dart slug (D:2)
  6 orcs
  9 ball pythons
  13 endoplasms
  2 giant cockroaches
  7 goblins
  6 hobgoblins
  7 kobolds
  5 quokkas
  8 bats
  5 frilled lizards
  6 rats
83 creatures vanquished.

Table legend: (Time is in decaauts)
 A = Elapsed time spent in this place.
 B = Non-inter-level travel time spent in this place.
 C = Inter-level travel time spent in this place.
 D = Time resting spent in this place.
 E = Time spent auto-exploring this place.
 F = Levels seen in this place.
 G = Mean time per level.
                   A        B        C        D        E       F      G
               +--------+--------+--------+--------+--------+-----+--------+
         Total |   3161 |   2924 |    237 |    115 |   2137 |   4 |  790.2 |
       Dungeon |   3161 |   2924 |    237 |    115 |   2137 |   4 |  790.2 |
               +--------+--------+--------+--------+--------+-----+--------+

Top non-repeatable levels by time:
     D:3: 927 daAuts
     D:2: 884 daAuts
     D:1: 858 daAuts
     D:4: 490 daAuts

Table legend:
 A = Non-vault XP
 B = Vault XP
 C = Vault XP percentage of total XP
 D = Non-vault monster count
 E = Vault monster count
 F = Vault count percentage of total count
                 A         B        C        D         E       F
            +---------+---------+-------+---------+---------+-------
      Total |     231 |      50 |  17.8 |      75 |       8 |   9.6
            +---------+---------+-------+---------+---------+-------
        D:1 |      44 |       0 |   0.0 |      27 |       0 |   0.0
        D:2 |      86 |      14 |  14.0 |      23 |       7 |  23.3
        D:3 |      23 |      36 |  61.0 |      14 |       1 |   6.7
        D:4 |      78 |       0 |   0.0 |      11 |       0 |   0.0
            +---------+---------+-------+---------+---------+-------
